 Dungeon Crawl Stone Soup version 0.25.0-10-g039870ee82 (webtiles) character file.

Game seed: 6054753481858156464

(classic levelgen) 14835 EnegeticOcto the Fighter (level 11, -1/105 HPs)
             Began as a Minotaur Fighter on June 23, 2020.
             Was an Initiate of Gozag.
             Slain by a manticore (16 damage)
             ... on level 13 of the Dungeon.
             The game lasted 00:06:04 (11518 turns).

EnegeticOcto the Fighter (Minotaur Fighter)        Turns: 11518, Time: 00:06:05

Health: -1/105     AC: 16    Str: 24    XL:     11   Next: 93%
Magic:  10/10      EV: 12    Int:  5    God:    Gozag
Gold:   1822       SH: 12    Dex: 16    Spells: 10/10 levels left

rFire    . . .     SeeInvis .   a - +0 broad axe
rCold    . . .     Gourm    .   c - +0 kite shield
rNeg     . . .     Faith    .   f - +0 chain mail
rPois    .         Spirit   .   h - +2 hat
rElec    .         Reflect  .   (no cloak)
rCorr    .         Harm     .   o - +2 pair of gloves
MR       .....                  (no boots)
Stlth    ..........             d - amulet of the acrobat
HPRegen  0.27/turn              u - +6 ring of dexterity
MPRegen  0.12/turn              (no ring)

@: barbed spikes, gold aura
A: retaliatory headbutt, horns 2
a: Potion Petition, Call Merchant, Bribe Branch, Renounce Religion


You were on level 13 of the Dungeon.
You worshipped Gozag.
Gozag was most pleased with you.
You were hungry.

You visited 2 branches of the dungeon, and saw 12 of its levels.

You collected 2305 gold pieces.
You spent 439 gold pieces at shops.
You paid 44 gold pieces to Gozag.

Inventory:

Hand Weapons
 a - a +0 broad axe (weapon)
Missiles
 q - a throwing net (quivered)
Armour
 c - a +0 kite shield (worn)
 f - a +0 chain mail (worn)
 h - a +2 hat (worn)
 o - a +2 pair of gloves (worn)
Jewellery
 d - an amulet of the acrobat (around neck)
 u - a +6 ring of dexterity (left hand)
Wands
 r - a wand of flame (12) {@v4}
 w - a wand of clouds (9)
 x - a wand of polymorph (6)
Scrolls
 b - 4 scrolls of remove curse {@r2}
 n - 3 scrolls of fog
 t - 2 scrolls of enchant weapon
 v - 4 scrolls of magic mapping {@r5}
 y - a scroll of fear
 B - 2 scrolls of blinking {@r4}
 C - a scroll of identify {@r1}
 D - 3 scrolls of teleportation {@r3}
Potions
 g - a potion of invisibility
 i - 2 potions of degeneration {unknown}
 j - 3 potions of stabbing {@q5}
 k - 4 potions of might {@q3}
 l - 2 potions of ambrosia {unknown}
 m - a potion of resistance {@q6}
 p - a potion of flight
 s - a potion of cancellation
 z - a potion of curing {@q1}
 E - 2 potions of lignification {@q7}
Comestibles
 e - 26 rations


   Skills:
 * Level 12.6 Fighting
 * Level 12.4 Axes
 + Level 9.5 Armour
 + Level 8.0 Dodging
 + Level 9.6 Shields


You had 10 spell levels left.
You didn't know any spells.
Your spell library contained the following spells:

 Spells                   Type           Power        Failure   Level  Hunger
 Corona                   Hex            #......      99%         1    ##.....
 Magic Dart               Conj           #...         99%         1    ##.....
 Blink                    Tloc           N/A          100%        2    ###....
 Call Imp                 Summ           #.......     100%        2    ###....
 Slow                     Hex            #.......     100%        2    ###....
 Conjure Flame            Conj/Fire      #.......     100%        3    ####...
 Inner Flame              Hex/Fire       #.......     100%        3    ####...
 Mephitic Cloud           Conj/Pois/Air  #.......     100%        3    ####...
 Portal Projectile        Hex/Tloc       #.....       100%        3    ####...
 Cause Fear               Hex            #.........   100%        4    #####..
 Leda's Liquefaction      Hex/Erth       #.........   100%        4    #####..


Dungeon Overview and Level Annotations

Branches:
Dungeon (10/15)            Temple (1/1) D:4            Lair (0/6) D:10
    Orc: D:9-12

Altars:
Ashenzari
Cheibriados
Dithmenos
Elyvilon
Fedhas
Gozag
Hepliaklqana
Kikubaaqudgha
Makhleb
Nemelex Xobeh
Okawaru
Qazlal
Ru
Sif Muna
Trog
Uskayaw
Vehumet
Wu Jian
Xom
Yredelemnul
Zin
The Shining One

Shops:
D:4 ?[:   D:5 ?}


Innate Abilities, Weirdness & Mutations

You reflexively headbutt those who attack you in melee.
You have a pair of horns on your head.


Message History

The barbs in your skin will harm you if you move.
Continue? [Y]es or [N]o only, please.
The barbs in your skin will harm you if you move.
Continue? [Y]es or [N]o only, please.
The barbs in your skin will harm you if you move.
Continue?
Okay, then.
The manticore flicks its tail.
The volley of spikes hits you.
The barbed spikes become lodged in your body.
The manticore completely misses you. You furiously retaliate!
You headbutt the manticore, but do no damage.
The manticore claws you but does no damage.
You block the manticore's attack.
You slice the manticore!!
The manticore is heavily wounded.
The manticore barely misses you. You furiously retaliate!
You headbutt the manticore, but do no damage.
You block the manticore's attack.
The manticore claws you but does no damage.
Your chain mail prevents you from hitting the manticore.
Your headbutt misses the manticore.
The manticore is heavily wounded.
The manticore closely misses you. You furiously retaliate!
You headbutt the manticore, but do no damage.
You block the manticore's attack. The manticore misses you.
You closely miss the manticore.
The manticore is heavily wounded.
The manticore bites you! You block the manticore's attack. x2
You are too injured to fight recklessly!
You are too injured to fight recklessly!
You are too injured to fight recklessly!
You are too injured to fight recklessly!
You are too injured to fight recklessly!
You are too injured to fight recklessly!
You are too injured to fight recklessly!
You are too injured to fight recklessly!
You are too injured to fight recklessly!
You are too injured to fight recklessly!
You are too injured to fight recklessly!
You are too injured to fight recklessly!
You are too injured to fight recklessly!
You are too injured to fight recklessly!
You are too injured to fight recklessly!
You are too injured to fight recklessly!
You are too injured to fight recklessly!
Unknown command.
Your shield and chain mail prevent you from hitting the manticore.
The manticore is heavily wounded.
You carefully extract the barbed spikes from your body.
The manticore bites you. You block the manticore's attack.
The manticore claws you.
Your shield prevents you from hitting the manticore.
The manticore is heavily wounded.
The manticore closely misses you. You block the manticore's attack.
The manticore claws you but does no damage.
You hit the manticore.
The manticore is heavily wounded.
You block the manticore's attack. x2; The manticore claws you.
You closely miss the manticore. You headbutt the manticore.
The manticore is severely wounded.
You block the manticore's attack. x2; The manticore misses you.
You completely miss the manticore.
You headbutt the manticore, but do no damage.
The manticore is severely wounded.
The manticore bites you! You block the manticore's attack.
The manticore misses you. x2; The manticore completely misses you.
You block the manticore's attack.
You closely miss the manticore. You headbutt the manticore.
The manticore is severely wounded.
You block the manticore's attack. The manticore barely misses you.
The manticore closely misses you.
You slash the manticore!
You kill the manticore!
The manticore flicks its tail.
The volley of spikes hits you!
The barbed spikes become lodged in your body.
* * * LOW HITPOINT WARNING * * *
You swing at nothing.
You feel much better. The manticore bites you. The manticore claws you!
You block the manticore's attack.
You slash the manticore!
The manticore is lightly wounded.
The manticore bites you!
* * * LOW HITPOINT WARNING * * *
You block the manticore's attack.
The manticore claws you but does no damage.
Your shield and chain mail prevent you from hitting the manticore.
The manticore is lightly wounded.
The manticore bites you.
* * * LOW HITPOINT WARNING * * *
The manticore claws you but does no damage.
You block the manticore's attack.
You slash the manticore! You headbutt the manticore.
The manticore is heavily wounded.
The manticore bites you!
* * * LOW HITPOINT WARNING * * *
The manticore claws you but does no damage.
The manticore barely misses you. The manticore bites you!
You die...
Your body crumbles into a pile of gold.

.... #.. #.. .# ... .#
#.# .# #.# ###.## #H#
..... #@### .[.##
#...#
....##############.###
....##...............#
....##.......#########
...).#.......#
.....##).....#
##....').....#
####.##).....#


You could see a manticore.

Vanquished Creatures
  A tengu warrior (D:13)
  A two-headed ogre (D:8)
  2 unseen horrors
  Pikel (D:5)
  A manticore (D:13)
  Maggie (D:9)
  3 trolls
  2 tengu conjurers
  A queen bee (D:9)
  5 hippogriffs
  A spriggan (D:7)
  A wyvern (D:10)
  2 hungry ghosts (D:10)
  21 yaks
  Menkaure (D:5)
  A water moccasin (D:7)
  2 orc warriors
  A black bear (D:8)
  An ice beast (D:9)
  2 sky beasts
  A slave (D:5)
  5 phantoms
  An eye of draining (D:9)
  6 ogres
  3 centaurs
  A necrophage (D:9)
  2 crocodiles (D:10)
  A big kobold (D:9)
  A gnoll sergeant (D:8)
  3 bullfrogs
  6 scorpions
  A water moccasin zombie (D:5)
  A water moccasin skeleton (D:5)
  26 killer bees
  A wight (D:10)
  3 electric eels (D:9)
  2 crimson imps
  A bullfrog zombie (D:8)
  2 bullfrog skeletons
  A water moccasin simulacrum (D:9)
  6 orc priests
  4 hounds
  3 jellies
  11 orc wizards
  8 iguanas
  6 worker ants
  A killer bee zombie (D:8)
  A bullfrog simulacrum (D:9)
  A centaur simulacrum (D:9)
  A worker ant zombie (D:10)
  6 gnolls
  12 adders
  2 river rats (D:6)
  2 shadow imps
  A white imp (D:9)
  2 worker ant simulacra (D:9)
  An ufetubus (D:9)
  3 worms
  2 adder skeletons
  A dart slug (D:2)
  7 leopard geckos
  30 orcs
  2 ball pythons (D:6)
  5 bats
  6 giant cockroaches
  8 goblins
  9 hobgoblins
  15 jackals
  9 kobolds
  4 quokkas
  6 frilled lizards
  A jackal skeleton (D:4)
  7 rats
302 creatures vanquished.

Vanquished Creatures (others)
  2 slaves (D:5)
  A crimson imp (D:5)
  A bullfrog zombie (D:5)
  An orc wizard (D:8)
  A frilled lizard (D:5)
  4 kobolds (D:9)
10 creatures vanquished.

Grand Total: 312 creatures vanquished

Notes
Turn   | Place    | Note
-------+----------+-------------------------------------------
     0 | D:1      | EnegeticOcto the Minotaur Fighter began the quest for the
                  | Orb.
     0 | D:1      | Reached XP level 1. HP: 19/19 MP: 0/0
   223 | D:1      | Reached XP level 2. HP: 22/27 MP: 1/1
   883 | D:2      | Reached XP level 3. HP: 33/33 MP: 2/2
  1154 | D:2      | Found a shimmering blue altar of Sif Muna.
  1620 | D:2      | Reached skill level 1 in Dodging
  1751 | D:2      | Found a hazy altar of Hepliaklqana.
  1752 | D:2      | Found a basalt altar of Yredelemnul.
  1862 | D:3      | Reached XP level 4. HP: 41/41 MP: 3/3
  1873 | D:3      | Found a glowing golden altar of the Shining One.
  2067 | D:3      | Found a glowing golden altar of the Shining One.
  2120 | D:3      | Found an ancient bone altar of Kikubaaqudgha.
  2258 | D:4      | Found Yssopt's Book Shop.
  2287 | D:4      | Noticed a phantom
  2307 | D:4      | Reached XP level 5. HP: 31/47 MP: 4/4
  2309 | D:4      | Killed a phantom
  2309 | D:4      | Reached skill level 5 in Fighting
  2325 | D:4      | Found Kinigaja's Antique Armour Boutique.
  2420 | D:4      | Reached XP level 6. HP: 46/56 MP: 5/5
  2510 | D:4      | Found Gupn's Magic Scroll Emporium.
  2519 | D:4      | Bought a scroll of magic mapping for 35 gold pieces
  2773 | D:4      | Reached skill level 5 in Axes
  3195 | D:4      | Found a staircase to the Ecumenical Temple.
  3206 | Temple   | Entered the Ecumenical Temple
  3230 | Temple   | Became a worshipper of Gozag Ym Sagoz the Greedy
  3267 | D:4      | Reached XP level 7. HP: 63/63 MP: 6/6
  3331 | D:4      | Reached skill level 5 in Shields
  3419 | D:5      | Entered Level 5 of the Dungeon
  3491 | D:5      | Reached skill level 5 in Armour
  3494 | D:5      | Noticed Pikel
  3496 | D:5      | Found a sacrificial altar of Ru.
  3499 | D:5      | Noticed Menkaure
  3509 | D:5      | Killed Pikel
  3509 | D:5      | Reached XP level 8. HP: 40/73 MP: 7/7
  3513 | D:5      | Killed Menkaure
  3736 | D:5      | Found a shimmering altar of Xom.
  3745 | D:5      | Found Xoabliuxi's Magic Scroll Shoppe.
  3766 | D:5      | Bought a scroll of blinking for 90 gold pieces
  3766 | D:5      | Bought a scroll of enchant weapon for 90 gold pieces
  3776 | D:5      | Identified the amulet of Saum {Spirit +Fly rN+ Str-5 Int+4}
  4116 | D:5      | Found Xoik Lei's Gadget Boutique.
  4384 | D:6      | Found an iron altar of Okawaru.
  5050 | D:6      | Found a glowing drain.
  5477 | D:4      | Bought a runed hat for 224 gold pieces
  5692 | D:7      | Reached XP level 9. HP: 69/82 MP: 8/8
  6329 | D:7      | Found a burning altar of Makhleb.
  6651 | D:7      | Reached skill level 5 in Dodging
  7499 | D:8      | Noticed a two-headed ogre
  7514 | D:8      | Killed a two-headed ogre
  7514 | D:8      | Reached skill level 10 in Fighting
  7514 | D:8      | Reached XP level 10. HP: 46/93 MP: 9/9
  8060 | D:9      | Found a stormy altar of Qazlal.
  8118 | D:9      | Reached skill level 10 in Axes
  8612 | D:9      | Noticed Maggie
  8632 | D:9      | Killed Maggie
  8900 | D:9      | HP: 3/95 [troll (4)]
  9313 | D:9      | Reached XP level 11. HP: 101/102 MP: 10/10
  9858 | D:10     | Entered Level 10 of the Dungeon
 10070 | D:10     | Found a staircase to the Lair.
 10383 | D:10     | Killed an unseen horror
 11235 | D:10     | Found an ornate altar of the Wu Jian Council.
 11354 | D:10     | You fall into a shaft and drop 3 floors!
 11372 | D:13     | Killed an unseen horror
 11391 | D:13     | Noticed a tengu warrior
 11402 | D:13     | Killed a tengu warrior
 11518 | D:13     | Slain by a manticore

Illustrated notes

Levels and vault maps discovered:
D:1:      dpeg_arrival_rhombi, layout_loops_ring
D:2:      layout_basic, gammafunk_temple_overflow_pools, lemuel_doored_altar
D:3:      layout_rooms, kiku_gazebo_garden_becter, old_standard_altar,
          tso_metal_star
D:4:      layout_basic, minmay_temple_entry_large_hall, first_ration,
          serial_shops, shop, kennysheep_mini, shop
D:5:      layout_cave_pools, grunt_temple_overflow_open, serial_park,
          serial_park_square2, serial_park_square2, serial_park_square1
          [serial_park_minivault_5x5_2], serial_park_tiny_1, serial_park_tiny_1,
          serial_shops, shop, nicolae_shop_waterfront, uniq_pikel, uniq_menkaure
D:6:      layout_loops_cross, okawaru_metal_pillars_3, portal_sewer_entry_b
D:7:      layout_layer_cave, overflow_temple_1_default, the_bakery
D:8:      layout_cave_pools, kennysheep_generic_room_9
D:9:      layout_roguey [special_room_bee], serial_ice, serial_ice_j,
          serial_ice_m, serial_ice_h, serial_ice_d,
          nicolae_qazlal_general_emergency, uniq_maggie
D:10:     minmay_the_grid_octo_2x2 [minmay_the_grid_octo_odd_swirl,
          minmay_the_grid_octo_clover, minmay_the_grid_octo_teeth,
          minmay_the_grid_octo_prize_big_c], layout_basic, david_lair_generic,
          basic_altar, nicolae_ru_awakened_eye
D:13:     layout_basic, nicolae_trove_entry_free_sample
Temple:   cyrus_circular_temple

Skill      XL: |  1  2  3  4  5  6  7  8  9 10 11 |
---------------+----------------------------------+-----
Fighting       | 4 5 6 7 8 10 11 12 | 12.6
Axes           | 3 4 5 6 7 9 11 12 | 12.4
Dodging        | 1 2 3 4 5 7 8 |  8.0
Armour         | 4 5 6 7 8 9 |  9.5
Shields        | 4 5 6 7 8 9 |  9.6

Action                   |  1- 3 |  4- 6 |  7- 9 | 10-12 || total
-------------------------+-------+-------+-------+-------++-------
Melee: War axe           |    97 |   106 |   336 |    76 ||   615
       Headbutt          |    15 |    21 |    61 |    66 ||   163
       Broad axe         |       |       |       |   239 ||   239
Invok: Potion Petition   |       |       |     1 |       ||     1
Evoke: Wand              |       |       |       |     3 ||     3
  Use: Scroll            |       |       |    15 |     2 ||    17
       Potion            |       |       |       |     2 ||     2
 Stab: Distracted        |       |       |     2 |     7 ||     9
  Eat: Chunk             |     3 |     5 |       |       ||     8
       Ration            |       |       |     5 |     6 ||    11
Armor: Chain mail        |    48 |    71 |   173 |   164 ||   456
       Scale mail        |     2 |       |       |       ||     2
Dodge: Dodged            |    20 |    23 |   131 |   174 ||   348
Block: Kite shield       |    55 |    66 |   190 |   220 ||   531
